 Dungeon Crawl Stone Soup version 0.24-a0-422-g9eff3895ba (webtiles) character file.

Game seed: 6478490597639765264

856 Morsil the Poker (level 7, -7/54 HPs)
             Began as a Demonspawn Warper on June 12, 2019.
             Mangled by Blork the orc
             ... wielding a +0 glaive
              (13 damage)
             ... on level 5 of the Dungeon.
             The game lasted 00:36:56 (6919 turns).

Morsil the Poker (Demonspawn Warper)                Turns: 6919, Time: 00:36:57

Health: -7/54      AC:  3    Str: 12    XL:     7   Next: 70%
Magic:  10/10      EV: 10    Int: 18    God:
Gold:   149        SH:  7    Dex: 12    Spells: 8/10 levels left

rFire    . . .     SeeInvis .   y - +0 trident
rCold    . . .     Gourm    .   B - +0 shield
rNeg     . . .     Faith    .   b - +0 leather armour
rPois    .         Spirit   .   (no helmet)
rElec    .         Reflect  .   (no cloak)
rCorr    .         Harm     .   (no gloves)
MR       .....                  (no boots)
Stlth    ++........             (no amulet)
HPRegen  0.18/turn              n - +2 ring of intelligence
MPRegen  0.12/turn              u - ring of stealth

@: lethally poisoned (-7 -> -12)
A: claws 1, hooves 2, powered by pain 2
a: no special abilities


You were on level 5 of the Dungeon.
You were not hungry.

You visited 1 branch of the dungeon, and saw 5 of its levels.

You collected 149 gold pieces.

Inventory:

Hand Weapons
 a - a +0 spear
 y - a +0 trident (weapon)
Missiles
 e - 4 boomerangs of dispersal (quivered)
 h - 6 datura-tipped darts
 q - 6 atropa-tipped darts
 w - 6 poisoned darts
 E - 3 boomerangs
Armour
 b - a +0 leather armour (worn)
 B - a +0 shield (worn)
Jewellery
 n - a +2 ring of intelligence (left claw)
 r - an uncursed ring of see invisible
 u - a ring of stealth (right claw)
Wands
 x - a wand of random effects (16)
Scrolls
 d - a scroll of blinking
 g - 3 scrolls of fear
 i - 2 scrolls of remove curse {unknown}
 j - 4 scrolls of fog {unknown}
 k - a scroll of random uselessness {unknown}
 t - a scroll of enchant weapon {unknown}
 v - a scroll of teleportation {unknown}
 z - 3 scrolls of identify
 D - 2 scrolls of enchant armour {unknown}
Potions
 c - a potion of heal wounds
 l - 2 potions of degeneration {unknown}
 m - a potion of brilliance {unknown}
 o - a potion of haste
 p - a potion of flight {unknown}
 s - a potion of lignification {unknown}
 A - a potion of curing {unknown}
 C - a potion of resistance {unknown}
 G - a potion of magic {unknown}
 H - a potion of cancellation {unknown}
Comestibles
 f - 7 rations


   Skills:
 + Level 4.1 Fighting
 + Level 5.3 Polearms
 - Level 0.8 Throwing
 + Level 3.0 Armour
 + Level 3.2 Dodging
 + Level 2.0 Shields
 + Level 2.3 Spellcasting
 + Level 2.9 Translocations


You had 8 spell levels left.
You knew the following spells:

 Your Spells              Type           Power        Failure   Level  Hunger
a - Blink                 Tloc           N/A          50%         2    ##.....

Your spell library contained the following spells:

 Spells                   Type           Power        Failure   Level  Hunger
 Shroud of Golubria       Chrm/Tloc      #.....       69%         2    ##.....
 Gell's Gravitas          Tloc           ##........   73%         3    ###....
 Lesser Beckoning         Tloc           ##........   73%         3    ###....
 Teleport Other           Tloc           ##......     73%         3    ###....
 Passage of Golubria      Tloc           N/A          98%         4    #####..


Dungeon Overview and Level Annotations

Branches:
Dungeon (5/15)
 Temple: D:4-7

Altars:
Cheibriados
Elyvilon

Annotations:
D:5 Blork the orc


Innate Abilities, Weirdness & Mutations

You have sharp fingernails.
You have hoof-like feet.
You sometimes gain power by taking damage.


Message History

The worker ant poisons you!
You barely miss the worker ant. Your kick misses the worker ant.
The worker ant is severely wounded.
You feel sick. The worker ant bites you. You block the worker ant's attack.
You hit the worker ant but do no damage.
The worker ant is severely wounded.
You feel sick.
The worker ant bites you but does no damage.
You feel sick.
You feel sick.
You feel sick. The worker ant misses you.
You feel sick.
Blork the orc shouts!
Blork the orc points at you and mumbles some strange words.
The puff of flame hits you!
* * * LOW HITPOINT WARNING * * *
* * * LOW HITPOINT WARNING * * *
You feel sick.
Blork the orc hits you with a +0 glaive!
You die...

.... # #..# #.####
#..# #...<# #..##
####.# ... #.# #.#
#.# #.#
###.######.####..
#.....@a........#
#.#...o....####...
#.#..####### #
#..# #..# #..#
#... ##.# #.#


You could see Blork the orc and a worker ant.

Vanquished Creatures
  A phantom (D:4)
  2 ogres (D:4)
  A centaur (D:5)
  A scorpion (D:4)
  A crimson imp (D:5)
  2 hounds (D:4)
  An orc wizard (D:4)
  2 orc priests
  A worker ant (D:4)
  A killer bee zombie (D:5)
  A worker ant zombie (D:5)
  4 gnolls (D:3)
  6 adders
  A shadow imp (D:5)
  2 oozes (D:1)
  An adder skeleton (D:4)
  2 worms (D:3)
  3 dart slugs
  3 leopard geckos
  12 orcs
  6 bats
  5 giant cockroaches
  6 goblins
  11 hobgoblins
  5 jackals (D:5)
  A quokka (D:3)
  2 ball pythons
  4 frilled lizards
  A giant cockroach zombie (D:4)
  A jackal skeleton (D:5)
  10 kobolds
  7 rats
107 creatures vanquished.

Vanquished Creatures (others)
  A quokka (D:4)
1 creature vanquished.

Grand Total: 108 creatures vanquished

Notes
Turn   | Place    | Note
-------+----------+-------------------------------------------
     0 | D:1      | Morsil the Demonspawn Warper began the quest for the Orb.
     0 | D:1      | Reached XP level 1. HP: 16/16 MP: 3/3
   121 | D:1      | Reached skill level 1 in Armour
   330 | D:1      | Gained mutation: You have large cloven feet. [demonic
                  | ancestry]
   330 | D:1      | Reached XP level 2. HP: 22/22 MP: 5/5
   351 | D:1      | Learned a level 2 spell: Blink
   520 | D:1      | Reached skill level 2 in Polearms
   760 | D:1      | Gained mutation: You have sharp fingernails. [demonic
                  | ancestry]
   760 | D:1      | Reached XP level 3. HP: 28/28 MP: 6/6
  1737 | D:2      | Gained mutation: You sometimes gain a little power by
                  | taking damage. [demonic ancestry]
  1737 | D:2      | Reached XP level 4. HP: 29/34 MP: 7/7
  2468 | D:3      | Reached skill level 3 in Polearms
  2662 | D:3      | Gained mutation: You sometimes gain power by taking damage.
                  | [demonic ancestry]
  2662 | D:3      | Reached XP level 5. HP: 34/40 MP: 8/8
  3411 | D:3      | Found a faded altar of an unknown god.
  3668 | D:4      | Found a snail-covered altar of Cheibriados.
  4045 | D:4      | Noticed a phantom
  4070 | D:4      | Reached skill level 4 in Polearms
  4070 | D:4      | Gained mutation: You have hoof-like feet. [demonic
                  | ancestry]
  4070 | D:4      | Reached XP level 6. HP: 3/47 MP: 9/9
  4110 | D:4      | Reached skill level 1 in Shields
  4845 | D:4      | HP: 2/47 [poisoned by a worker ant]
  5162 | D:4      | Reached XP level 7. HP: 39/53 MP: 10/10
  5671 | D:4      | Found a white marble altar of Elyvilon.
  5903 | D:5      | Entered Level 5 of the Dungeon
  6127 | D:5      | Reached skill level 5 in Polearms
  6146 | D:5      | Noticed Blork the orc
  6919 | D:5      | Mangled by Blork the orc

Levels and vault maps discovered:
D:1:      shiori_shiawase, layout_basic
D:2:      layout_loops_ring, first_ration, kennysheep_cross_bottleneck,
          minmay_ruptured
D:3:      layout_loops_ring, chequers_ecumenical_altar_lobes,
          kennysheep_generic_room_11
D:4:      layout_loops_ring, cheibriados_altar_1, elyvilon_altar_4
D:5:      layout_loops_ring, minmay_temple_entry_stoned_glass,
          uniq_blork_the_orc

Skill      XL: |  1  2  3  4  5  6  7 |
---------------+----------------------+-----
Armour         | 1 2 3 |  3.0
Dodging        | 2 3 |  3.2
Polearms       | 2 3 4 5 |  5.3
Fighting       | 3 4 |  4.1
Shields        | 1 2 |  2.0
Throwing       | |  0.8
Spellcasting   | |  2.3
Translocations | |  2.9

Action                   |  1- 3 |  4- 6 |  7- 9 || total
-------------------------+-------+-------+-------++-------
Melee: Spear             |   129 |    44 |       ||   173
       Kick              |    12 |    45 |    21 ||    78
       Trident           |       |   183 |   115 ||   298
Throw: Boomerang         |       |       |     1 ||     1
  Use: Scroll            |     3 |     1 |       ||     4
       Potion            |       |     2 |       ||     2
 Stab: Sleeping          |       |     4 |     2 ||     6
       Distracted        |       |     3 |       ||     3
  Eat: Chunk             |     3 |    10 |     4 ||    17
       Ration            |       |       |     1 ||     1
Armor: Leather armour    |    16 |    25 |    14 ||    55
Dodge: Dodged            |    57 |    77 |    41 ||   175
Block: Shield            |       |    36 |    37 ||    73

Table legend:
 A = Non-vault XP
 B = Vault XP
 C = Vault XP percentage of total XP
 D = Non-vault monster count
 E = Vault monster count
 F = Vault count percentage of total count
                 A         B        C        D         E       F
            +---------+---------+-------+---------+---------+-------
      Total |    1217 |       6 |   0.5 |     104 |       3 |   2.8
            +---------+---------+-------+---------+---------+-------
        D:1 |      64 |       0 |   0.0 |      31 |       0 |   0.0
        D:2 |      37 |       1 |   2.6 |      10 |       1 |   9.1
        D:3 |     199 |       5 |   2.5 |      34 |       2 |   5.6
        D:4 |     679 |       0 |   0.0 |      17 |       0 |   0.0
        D:5 |     238 |       0 |   0.0 |      12 |       0 |   0.0
            +---------+---------+-------+---------+---------+-------
